 Dungeon Crawl Stone Soup version 0.23-a0-586-gacb4b3f (console) character file.

348 Duffy the Magician (level 6, -2/32 HPs)
             Began as a Deep Elf Fire Elementalist on Dec 19, 2018.
             Slain by an orc
             ... wielding a +0 dagger
              (6 damage)
             ... on level 3 of the Dungeon.
             The game lasted 00:02:39 (2554 turns).

Duffy the Magician (Deep Elf Fire Elementalist)     Turns: 2554, Time: 00:02:40

Health: -2/32      AC:  2    Str:  5    XL:     6   Next: 33%
Magic:  13/15      EV: 12    Int: 22    God:
Gold:   43         SH:  0    Dex: 15    Spells: 7/15 levels left

rFire    . . .     SeeInvis .   c - 4 rations
rCold    . . .     Gourm    .   (no shield)
rNeg     . . .     Faith    .   a - +0 robe
rPois    .         Spirit   .   (no helmet)
rElec    .         Reflect  .   (no cloak)
rCorr    .         Harm     .   (no gloves)
MR       .....                  (no boots)
Stlth    +++.......             (no amulet)
HPRegen  0.10/turn              l - ring of stealth
MPRegen  0.14/turn              (no ring)

@: drained
A: no striking features
a: no special abilities


You were on level 3 of the Dungeon.
You were not hungry.

You visited 1 branch of the dungeon, and saw 5 of its levels.

You collected 43 gold pieces.

Inventory:

Armour
 a - a +0 robe (worn)
Jewellery
 l - a ring of stealth (left hand)
Wands
 j - a wand of flame (19)
 k - a wand of iceblast (9)
Scrolls
 f - 5 scrolls of identify {unknown}
 h - a scroll of fog {unknown}
 i - a scroll of enchant armour {unknown}
 n - a scroll of remove curse {unknown}
Potions
 b - a potion of curing {unknown}
 e - 2 potions of flight {unknown}
 g - a potion of heal wounds {unknown}
 m - a potion of haste {unknown}
Comestibles
 c - 4 rations (in hand)


   Skills:
 - Level 2.4(1.5) Dodging
 - Level 2.4(1.5) Stealth
 + Level 5.3(4.3) Spellcasting
 + Level 4.9(3.9) Conjurations
 + Level 4.9(3.9) Fire Magic


You had 7 spell levels left.
You knew the following spells:

 Your Spells              Type           Power        Failure   Level  Hunger
h - Flame Tongue          Conj/Fire      ###..        2%          1    None
j - Sticky Flame          Conj/Fire      ###.....     22%         4    ####...
l - Conjure Flame         Conj/Fire      ###.....     6%          3    ##.....

Your spell library contained the following spells:

 Spells                   Type           Power        Failure   Level  Hunger
 Throw Flame              Conj/Fire      ###...       3%          2    #......
 Inner Flame              Hex/Fire       ##......     14%         3    ##.....
 Fireball                 Conj/Fire      ###.......   52%         5    ######.


Dungeon Overview and Level Annotations

Branches:
Dungeon (5/15)
 Temple: D:4-7

Altars:

Annotations:
D:5 Ijyb


Message History

Aiming: Flame Tongue (safe; 1% risk of failure)
Press: ? - help, Shift-Dir - straight line, f - orc
Aim: an orc, wielding a +1 mace of draining and wearing a +0 leather armour The flame tongue hits the orc.
The orc is heavily wounded.
The orc shouts! x2
The orc misses you.
The orc hits you with a +1 mace of draining!
You feel drained. The orc closely misses you.
You climb upwards.
There is a stone staircase leading down here.
Casting: Flame Tongue (safe; 2% risk of failure)
Confirm with . or Enter, or press ? or * to list all spells.
Aiming: Flame Tongue (safe; 2% risk of failure)
Press: ? - help, Shift-Dir - straight line, f - orc
Aim: an orc, wielding a +0 dagger The flame tongue misses the orc.
The flame tongue hits the orc.
You kill the orc!
The orc hits you with a +0 dagger.
You die...

# # # #### ...#
##.# ##.#
...################
...............)o@#
....###############
....# ....# ....#
....# ....# ##..#
#..#


You could see an orc.

Vanquished Creatures
  A scorpion (D:5)
  A bullfrog skeleton (D:5)
  3 hounds
  3 worker ants (D:4)
  3 gnolls (D:3)
  4 adders
  An ooze (D:3)
  A leopard gecko (D:2)
  3 orcs
  2 giant cockroaches
  A goblin (D:3)
  2 hobgoblins (D:2)
  7 jackals
  2 kobolds (D:2)
  5 quokkas
  A ball python (D:2)
  2 frilled lizards (D:2)
  2 rats (D:2)
44 creatures vanquished.

Notes
Turn   | Place    | Note
-------+----------+-------------------------------------------
     0 | D:1      | Duffy the Deep Elf Fire Elementalist began the quest for
                  | the Orb.
     0 | D:1      | Reached XP level 1. HP: 10/10 MP: 6/6
   107 | D:2      | Reached XP level 2. HP: 15/15 MP: 5/8
   581 | D:2      | Reached XP level 3. HP: 16/19 MP: 2/9
   586 | D:2      | Learned a level 3 spell: Conjure Flame
  1127 | D:3      | Reached XP level 4. HP: 24/24 MP: 1/11
  1367 | D:3      | Learned a level 4 spell: Sticky Flame
  1474 | D:3      | You fall through a shaft for 2 floors!
  1474 | D:5      | Entered Level 5 of the Dungeon
  1482 | D:5      | Reached skill level 4 in Spellcasting
  1768 | D:5      | Noticed Ijyb
  1782 | D:4      | Reached XP level 5. HP: 20/28 MP: 7/13
  2300 | D:4      | Reached skill level 5 in Spellcasting
  2300 | D:4      | Reached XP level 6. HP: 26/32 MP: 5/15
  2554 | D:3      | Slain by an orc

Vault maps used:
D:1:      dpeg_arrival_snail, nrook_campfire, minmay_misc_feat_more_columns,
          minmay_tromino_v2
D:3:      grunt_dithmenos_smoke, chequers_ecumenical_altar_grove,
          kennysheep_generic_room_2
D:5:      lemuel_round_altar, first_ration, uniq_ijyb

Skill      XL: |  1  2  3  4  5 |
---------------+----------------+-----
Conjurations   | 2 3 4 |  4.9
Spellcasting   | 4 5 |  5.3
Fire Magic     | 4 |  4.9
Dodging        | |  2.4
Stealth        | |  2.4

Action                   |  1- 3 |  4- 6 || total
-------------------------+-------+-------++-------
 Cast: Flame Tongue      |    50 |    42 ||    92
       Conjure Flame     |     2 |       ||     2
       Sticky Flame      |       |     5 ||     5
  Eat: Chunk             |     1 |     5 ||     6
Armor: Robe              |     1 |     5 ||     6
Dodge: Dodged            |    18 |    36 ||    54

Table legend:
 A = Non-vault XP
 B = Vault XP
 C = Vault XP percentage of total XP
 D = Non-vault monster count
 E = Vault monster count
 F = Vault count percentage of total count
                 A         B        C        D         E       F
            +---------+---------+-------+---------+---------+-------
      Total |     498 |       0 |   0.0 |      44 |       0 |   0.0
            +---------+---------+-------+---------+---------+-------
        D:2 |      61 |       0 |   0.0 |      22 |       0 |   0.0
        D:3 |     106 |       0 |   0.0 |       9 |       0 |   0.0
        D:4 |     215 |       0 |   0.0 |       9 |       0 |   0.0
        D:5 |     116 |       0 |   0.0 |       4 |       0 |   0.0
            +---------+---------+-------+---------+---------+-------
